 Dungeon Crawl Stone Soup version 0.25.1-2-g60ff931df9 (webtiles) character file.

Game seed: 8475318411204140392

86910 Luthien the Destroyer (level 15, -4/135 HPs)
             Began as a Deep Elf Conjurer on Sept 6, 2020.
             Was an Elder of Vehumet.
             Slain by a six-headed hydra (9 damage)
             ... on level 4 of the Swamp.
             The game lasted 02:36:32 (36037 turns).

Luthien the Destroyer (Deep Elf Conjurer)          Turns: 36037, Time: 02:36:33

Health: -4/135     AC: 31    Str:  5    XL:     15   Next: 42%
Magic:  17/35      EV:  2    Int: 29    God:    Vehumet [****..]
Gold:   1730       SH: 24    Dex: 15    Spells: 9/42 levels left

rFire    . . .     SeeInvis .   a - +6 spear "Cocask" {vorpal, rC+}
rCold    + . .     Gourm    .   w - +10 tower shield of Ignorance {rN+ Int-4}
rNeg     + + +     Faith    .   (armour currently unavailable)
rPois    +         Spirit   .   (helmet currently unavailable)
rElec    .         Reflect  .   (cloak currently unavailable)
rCorr    .         Harm     .   (gloves currently unavailable)
MR       +....     NoTele   +   (boots currently unavailable)
Stlth    ++++......             Q - amulet of regeneration
HPRegen  0.72/turn              i - +6 ring of intelligence
MPRegen  0.24/turn              y - +4 ring of protection

@: tree-form, hasted, studying Shields, very quick
A: no striking features
a: Renounce Religion


You were on level 4 of the Swamp.
You worshipped Vehumet.
Vehumet was greatly pleased with you.
You were not hungry.
You were a tree.
You visited 3 branches of the dungeon, and saw 22 of its levels.
You also visited: Ice Cave.

You collected 1937 gold pieces.
You spent 207 gold pieces at shops.

Inventory:

Hand Weapons
 a - the +6 spear "Cocask" (weapon) {vorpal, rC+}
   (You found it on level 5 of the Dungeon)

   It inflicts extra damage upon your enemies.
   It protects you from cold.
 k - a +2 vorpal halberd
Missiles
 G - 4 throwing nets
 J - 626 stones
 P - 5 silver javelins (quivered)
Armour
 n - a +2 cloak of cold resistance (melded)
 o - a +2 hat (melded)
 w - the +10 tower shield of Ignorance (worn) {rN+ Int-4}
   (You found it on level 11 of the Dungeon)

   It affects your intelligence (-4).
   It protects you from negative energy.
 L - a +0 robe of resistance (melded)
 X - a +1 pair of gloves (melded)
Magical Staves
 W - an uncursed staff of summoning
Jewellery
 d - an uncursed ring of see invisible
 i - a +6 ring of intelligence (left branch)
 y - a +4 ring of protection (right branch)
 z - an uncursed ring of fire
 A - an uncursed ring of flight
 Q - an amulet of regeneration (around neck)
 T - an uncursed ring of resist corrosion
Wands
 l - a wand of enslavement (16)
 r - a wand of random effects (15)
 B - a wand of flame (15)
 E - a wand of acid (65)
 F - a wand of clouds (5)
 N - a wand of digging (17)
 O - a wand of iceblast (7)
 Z - a wand of paralysis (15)
Scrolls
 e - 8 scrolls of remove curse
 f - 2 scrolls of fog
 g - 4 scrolls of fear
 h - 3 scrolls of immolation {unknown}
 p - 5 scrolls of amnesia {unknown}
 C - 3 scrolls of blinking {unknown}
 D - 7 scrolls of teleportation
 I - a scroll of magic mapping
 M - 4 scrolls of vulnerability {unknown}
Potions
 b - a potion of magic
 j - 2 potions of brilliance
 m - a potion of invisibility
 q - 7 potions of curing
 t - 7 potions of haste
 x - 3 potions of lignification
 H - 2 potions of might
 S - a potion of stabbing
 Y - a potion of berserk rage
Books
 V - a manual of Shields
Miscellaneous
 K - a lightning rod (4/4)
 U - a phial of floods
Comestibles
 c - 29 rations
 s - 4 chunks of flesh


   Skills:
 - Level 9.0 Fighting
 - Level 8.0 Dodging
 - Level 9.0 Stealth
 + Level 9.7 Shields
 - Level 14.0 Spellcasting
 + Level 14.4 Conjurations
 - Level 6.0 Hexes
 - Level 9.0 Charms
 - Level 4.0 Translocations
 - Level 8.0 Fire Magic
 + Level 11.1 Air Magic


You had 9 spell levels left.
You knew the following spells:

 Your Spells              Type           Power        Failure   Level  Hunger
a - Magic Dart            Conj           ####         1%          1    None
b - Searing Ray           Conj           ######       1%          2    None
i - Iskenderun's Mystic   Conj/Tloc      ######..     1%          4    None
p - Fulminant Prism       Conj/Hex       ######....   1%          4    None
A - Swiftness             Chrm/Air       ######..     1%          2    None
B - Airstrike             Air            ######....   1%          4    None
C - Iskenderun's Battles  Conj/Chrm      ######..     1%          5    None
D - Foxfire               Conj/Fire      ####         1%          1    None
E - Lightning Bolt        Conj/Air       #######...   1%          5    None
F - Fireball              Conj/Fire      ######....   1%          5    None

Your spell library contained the following spells:

 Spells                   Type           Power        Failure   Level  Hunger
 Corona                   Hex            ######.      1%          1    None
 Shock                    Conj/Air       ####         1%          1    None
 Dazzling Flash           Conj/Hex       ######       1%          3    None
 Inner Flame              Hex/Fire       ######..     1%          3    None
 Static Discharge         Conj/Air       #######.     1%          3    None
 Slow                     Hex            ######..     2%          2    None
 Confusing Touch          Hex            ######..     4%          3    None
 Portal Projectile        Hex/Tloc       #####.       7%          3    None
 Bolt of Magma            Conj/Fire/Erth ######....   7%          5    None
 Gell's Gravitas          Tloc           #####.....   11%         3    None
 Cause Fear               Hex            ######....   16%         4    None
 Summon Butterflies       Summ           ###.....     19%         1    None
 Freezing Cloud           Conj/Ice/Air   ######....   21%         6    ####...
 Yara's Violent Unravell  Hex/Tmut       #####.....   34%         5    None
 Iron Shot                Conj/Erth      ######....   34%         6    ####...
 Leda's Liquefaction      Hex/Erth       #####.....   45%         4    None
 Call Canine Familiar     Summ           ###.....     47%         3    None
 Metabolic Englaciation   Hex/Ice        #####.....   82%         5    None
 Summon Mana Viper        Hex/Summ       #####...     82%         5    None
 Ice Form                 Ice/Tmut       ###.....     87%         4    None
 Petrify                  Tmut/Erth      ###.....     87%         4    None
 Summon Ice Beast         Ice/Summ       ###.....     87%         4    None
 Ozocubu's Refrigeration  Ice            ###.......   99%         6    ####...
 Simulacrum               Ice/Necr       ###.......   100%        6    ####...
 Statue Form              Tmut/Erth      ###......    100%        6    ####...
 Summon Hydra             Summ           ###.......   100%        7    #####..
 Shatter                  Erth           ###.......   100%        9    #######


Dungeon Overview and Level Annotations

Branches:
Dungeon (13/15)            Temple (0/1) D:7            Lair (5/6) D:9
  Swamp (4/4) Lair:2        Snake (0/4) Lair:4        Slime (0/5) Lair:5
    Orc (0/2) D:10          IceCv (visited)
 Vaults: D:13-14

Altars:
Ashenzari
Cheibriados
Elyvilon
Gozag
Hepliaklqana
Makhleb
Nemelex Xobeh
Okawaru
Qazlal
Sif Muna
Trog
Vehumet
Wu Jian
Yredelemnul
Zin
Lugonu

Shops:
D:6 *   D:10 [(

Annotations:
D:8 1 runed translucent door
Lair:3 2 transporters, sixsigma's ghost, journeyman GnWz
Swamp:1 1 runed translucent door, exclusion: downstairs, Ykec Esm's ghost, journeyman DrWn


Message History

* * * LOW HITPOINT WARNING * * *
The six-headed hydra bites you!
* * * LOW HITPOINT WARNING * * *
The five-headed hydra bites you but does no damage. x3
The five-headed hydra bites you.
* * * LOW HITPOINT WARNING * * *
The five-headed hydra bites you but does no damage.
The swamp drake breathes noxious fumes at you.
The noxious blast engulfs you but does no damage.
Unknown command.
Unknown command.
Unknown command.
You feel yourself speed up.
You block the six-headed hydra's attack.
The six-headed hydra bites you but does no damage.
The six-headed hydra bites you.
* * * LOW HITPOINT WARNING * * *
You block the six-headed hydra's attack. x2
The six-headed hydra bites you!
You die...

≈≈≈♣♣≈.♣♣≈≈....♣ ♣♣≈≈.
....≈≈.≈≈≈..≈.≈♣♣♣ ♣♣♣♣♣♣ ♣♣♣≈≈..
...≈≈≈≈≈≈.≈♣♣.≈≈≈♣♣♣.≈≈≈♣♣♣§♣.†.≈
≈≈≈≈≈≈≈...♣♣♣.≈≈≈.≈.≈≈≈≈...♣≈≈≈≈≈
≈≈≈≈≈≈≈..♣♣♣.≈≈≈≈≈≈≈≈≈≈≈..♣♣♣!.≈≈
≈≈≈≈.≈.♣≈.≈♣≈≈≈≈≈≈≈≈≈≈≈.≈≈≈♣§≈≈≈≈
≈≈≈..≈.♣♣.≈§≈≈.○○≈*.≈≈≈≈≈≈≈≈≈≈≈≈≈
≈≈≈♣♣♣♣♣§.≈≈÷≈.DDk○.÷≈≈..≈≈≈≈..♣♣
.. ♣.)...≈♣D♣○○.≈≈≈≈≈..§≈≈.♣ .
≈≈§..♣♣♣♣♣♣♣♣♣.≈≈≈≈..§≈.≈♣♣
≈≈≈≈≈...♣ ♣≈......÷≈≈≈♣ ≈.≈≈≈≈.≈
♣♣♣♣♣≈.≈≈≈≈♣♣ .≈!≈≈≈.♣ ♣♣.≈≈≈.♣
♣♣ ♣♣≈≈≈≈.♣ ♣♣≈<.♣♣ ..♣♣♣♣≈≈≈)♣♣
♣♣..♣♣♣♣♣ .≈♣..≈≈≈$.♣♣ ♣ .
♣≈≈≈..≈≈♣ ♣≈.≈≈≈.≈†≈≈≈♣♣ ≈♣...
♣≈≈..≈≈.♣♣


You could see 2 six-headed hydras, a five-headed hydra, a swamp drake and a
friendly battlesphere.

Vanquished Creatures
  Jorgrun (Swamp:2)
  Gastronok (Lair:2)
  3 thorn hunters
  Kirke (D:13)
  Roxanne (Swamp:1)
  A blizzard demon (IceCv)
  Snorg (D:13)
  Harold (D:7)
  12 hydras
  A catoblepas (Lair:2)
  A ghost crab (Swamp:2)
  Erica (D:11)
  A centaur warrior (D:13)
  12 alligators
  Urug (D:12)
  Sonja (Lair:1)
  A skeletal warrior (D:8)
  A spriggan druid (Swamp:3)
  3 unseen horrors
  2 swamp dragons
  A deep elf mage (D:9)
  4 oklob plants (Lair:5)
  2 manticores (D:11)
  5 ugly things
  3 black mambas
  14 spiny frogs
  Maggie (D:8)
  3 ice statues
  A centaur skeleton (D:11)
  A kobold demonologist (D:13)
  4 komodo dragons
  12 ice devils (IceCv)
  3 meliai (D:13)
  2 hornets
  9 trolls
  A tyrant leech (Swamp:1)
  15 blink frogs
  3 slime creatures (Swamp:2)
  8 hippogriffs
  10 bog bodies
  7 dream sheep (Lair:3)
  4 spriggans
  2 shadows
  2 vampires
  4 wyverns
  39 yaks
  3 fire bats (Lair:1)
  4 basilisks
  2 steam dragons
  18 vampire mosquitoes
  3 nagas (Lair:4)
  A soldier ant (D:13)
  13 swamp worms
  4 water moccasins
  15 porcupines
  Duvessa (D:5)
  7 orc warriors
  8 swamp drakes
  2 sky beasts
  A hornet zombie (D:13)
  3 phantoms
  2 black bears
  2 eyes of draining
  8 ogres
  A necrophage (D:12)
  5 wolves (Lair:5)
  3 ice beasts
  7 centaurs
  9 crocodiles
  2 big kobolds
  15 bullfrogs
  A gnoll sergeant (D:10)
  A water moccasin zombie (D:5)
  A wyvern skeleton (D:13)
  Dowan (D:5)
  15 killer bees
  7 wights
  An electric eel (Lair:2)
  A howler monkey (D:8)
  10 crimson imps
  A centaur zombie (D:7)
  3 bullfrog zombies
  A quasit (D:9)
  5 hounds
  6 jellies
  6 orc priests
  5 orc wizards
  2 bullfrog skeletons
  2 iguanas
  15 worker ants
  A hound skeleton (D:4)
  A howler monkey zombie (D:8)
  2 worker ant zombies
  7 gnolls
  16 adders
  8 shadow imps
  6 white imps (IceCv)
  5 ufetubi (IceCv)
  An ooze (D:5)
  2 adder skeletons
  An adder zombie (D:9)
  3 worms
  3 dart slugs
  5 leopard geckos
  45 orcs
  9 bats
  2 giant cockroaches
  11 goblins
  9 hobgoblins
  22 jackals
  7 quokkas
  5 ball pythons
  5 frilled lizards
  2 gnoll zombies (D:5)
  20 kobolds
  2 leopard gecko skeletons (D:4)
  A quokka skeleton (D:4)
  A quokka zombie (D:7)
  9 rats
  A fungus (Lair:2)
642 creatures vanquished.

Vanquished Creatures (others)
  6 white imps (IceCv)
  2 ufetubi (IceCv)
  An orc (D:13)
  199 fulminant prisms
  11 fungi
  7 plants
  2 withered plants (Swamp:1)
228 creatures vanquished.

Grand Total: 870 creatures vanquished

Notes
Turn   | Place    | Note
-------+----------+-------------------------------------------
     0 | D:1      | Luthien the Deep Elf Conjurer began the quest for the Orb.
     0 | D:1      | Reached XP level 1. HP: 10/10 MP: 6/6
   215 | D:1      | Reached XP level 2. HP: 15/15 MP: 6/8
   358 | D:1      | Learned a level 2 spell: Searing Ray
   748 | D:1      | Reached XP level 3. HP: 14/19 MP: 5/10
  1484 | D:2      | Reached XP level 4. HP: 24/24 MP: 2/11
  1621 | D:2      | Found a radiant altar of Vehumet.
  1955 | D:2      | Found a burning altar of Makhleb.
  2037 | D:2      | Learned a level 4 spell: Fulminant Prism
  2042 | D:2      | Learned a level 4 spell: Iskenderun's Mystic Blast
  2231 | D:2      | Reached skill level 5 in Conjurations
  2518 | D:3      | Reached skill level 1 in Hexes
  2567 | D:3      | Found a stormy altar of Qazlal.
  2806 | D:3      | Reached XP level 5. HP: 28/28 MP: 11/13
  3193 | D:3      | Found a bloodstained altar of Trog.
  3481 | D:4      | Reached skill level 1 in Translocations
  3487 | D:4      | Noticed an ogre
  3492 | D:4      | Killed an ogre
  3492 | D:4      | Reached skill level 1 in Fighting
  3492 | D:4      | Reached XP level 6. HP: 34/34 MP: 2/14
  3892 | D:4      | Found a shimmering blue altar of Sif Muna.
  4095 | D:4      | Found a bloodstained altar of Trog.
  4218 | D:4      | Reached XP level 7. HP: 38/38 MP: 13/16
  4305 | D:4      | Reached skill level 5 in Spellcasting
  4535 | D:5      | Entered Level 5 of the Dungeon
  4535 | D:5      | Noticed Duvessa
  4535 | D:5      | Noticed Dowan
  4579 | D:5      | Found a snail-covered altar of Cheibriados.
  4605 | D:5      | Reached skill level 5 in Stealth
  4605 | D:5      | Reached skill level 1 in Shields
  4669 | D:5      | Reached skill level 5 in Hexes
  4810 | D:5      | Killed Dowan
  4872 | D:5      | Reached XP level 8. HP: 41/44 MP: 12/18
  5099 | D:6      | Found Coucweti's Assorted Antiques.
  5133 | D:6      | Found a sparkling altar of Nemelex Xobeh.
  5803 | D:2      | Became a worshipper of Vehumet
  6667 | D:5      | Killed Duvessa
  6668 | D:5      | Got a masterwork spear
  6851 | D:5      | Identified the +6 spear "Cocask" {vorpal, rC+} (You found
                  | it on level 5 of the Dungeon)
  7066 | D:5      | Found a basalt altar of Yredelemnul.
  7125 | D:5      | Found a sparkling altar of Nemelex Xobeh.
  7201 | D:6      | Found an iron altar of Okawaru.
  7285 | D:6      | Found an ornate altar of the Wu Jian Council.
  7636 | D:7      | Reached XP level 9. HP: 41/51 MP: 16/21
  7791 | D:7      | Found a staircase to the Ecumenical Temple.
  8001 | D:7      | Noticed Harold
  8027 | D:7      | Killed Harold
  8279 | D:7      | Found a white marble altar of Elyvilon.
  8343 | D:7      | Noticed a purple ugly thing
  8368 | D:7      | Killed a purple ugly thing
  8888 | D:8      | Noticed Maggie
  8897 | D:8      | Killed Maggie
  8909 | D:8      | Noticed a skeletal warrior
  9019 | D:8      | Reached * piety under Vehumet
  9019 | D:8      | Offered knowledge of Sandblast by Vehumet.
  9027 | D:8      | Reached skill level 5 in Fighting
  9177 | D:8      | Found a glowing silver altar of Zin.
  9177 | D:8      | Noticed an angel
  9178 | D:8      | Found a runed translucent door.
  9232 | D:8      | Reached XP level 10. HP: 51/59 MP: 21/25
  9481 | D:8      | Killed a skeletal warrior
 10328 | D:8      | Found a hazy altar of Hepliaklqana.
 10334 | D:8      | Found a shattered altar of Ashenzari.
 10337 | D:8      | Found an opulent altar of Gozag.
 10463 | D:9      | Reached skill level 10 in Spellcasting
 10525 | D:9      | Reached ** piety under Vehumet
 10537 | D:9      | Offered knowledge of Foxfire by Vehumet.
 10540 | D:9      | Learned a level 1 spell: Foxfire
 10753 | D:9      | Reached skill level 1 in Fire Magic
 11014 | D:9      | Found a staircase to the Lair.
 11319 | D:9      | Reached skill level 10 in Conjurations
 11475 | D:9      | Noticed a cyan ugly thing
 11502 | D:9      | Killed a cyan ugly thing
 11727 | D:9      | Noticed a brown ugly thing
 11737 | D:9      | Killed a brown ugly thing
 11737 | D:9      | Reached XP level 11. HP: 64/64 MP: 12/27
 11868 | D:9      | Offered knowledge of Frozen Ramparts by Vehumet.
 12222 | D:9      | Noticed a deep elf mage
 12239 | D:9      | Killed a deep elf mage
 12496 | D:10     | Entered Level 10 of the Dungeon
 12634 | D:10     | Reached *** piety under Vehumet
 12673 | D:10     | Reached skill level 5 in Fire Magic
 13028 | D:10     | Found Perghal's Armour Shop.
 13050 | D:10     | Offered knowledge of Stone Arrow by Vehumet.
 13211 | D:10     | Found a staircase to the Orcish Mines.
 13214 | D:10     | Found Zasues's Weapon Shop.
 13225 | D:10     | Bought a +0 buckler for 58 gold pieces
 13238 | D:10     | Bought a +1 pair of gloves for 149 gold pieces
 13535 | D:10     | Killed an unseen horror
 14176 | D:11     | Killed an unseen horror
 14176 | D:11     | Reached **** piety under Vehumet
 14426 | D:11     | Noticed a green ugly thing
 14445 | D:11     | Killed a green ugly thing
 14541 | D:11     | Noticed Erica
 14558 | D:11     | Killed Erica
 14638 | D:11     | Offered knowledge of Inner Flame by Vehumet.
 15773 | Lair:1   | Entered Level 1 of the Lair of Beasts
 16105 | Lair:1   | Reached XP level 12. HP: 72/72 MP: 25/29
 16132 | Lair:1   | Learned a level 2 spell: Swiftness
 16138 | Lair:1   | Learned a level 5 spell: Lightning Bolt
 16143 | Lair:1   | Learned a level 4 spell: Airstrike
 16149 | Lair:1   | Noticed an eight-headed hydra
 16158 | Lair:1   | Killed an eight-headed hydra
 16158 | Lair:1   | Reached skill level 1 in Charms
 16158 | Lair:1   | Reached skill level 1 in Air Magic
 16205 | D:12     | Noticed Urug
 16969 | D:12     | Found a corrupted altar of Lugonu.
 16976 | D:12     | Identified Lugonu's Handbook of Conjuration
 17809 | D:12     | Killed Urug
 18382 | Lair:1   | Noticed Sonja
 18385 | Lair:1   | Killed Sonja
 18616 | Lair:2   | Noticed a catoblepas
 18686 | Lair:2   | Killed a catoblepas
 18686 | Lair:2   | Reached ***** piety under Vehumet
 18686 | Lair:2   | Offered knowledge of Yara's Violent Unravelling by Vehumet.
 19469 | Lair:2   | Reached skill level 5 in Air Magic
 19653 | Lair:2   | Reached skill level 5 in Charms
 20434 | Lair:2   | Found a staircase to the Swamp.
 20618 | Lair:3   | Noticed Gastronok
 20641 | Lair:2   | Killed Gastronok
 20725 | Lair:3   | Reached XP level 13. HP: 62/78 MP: 16/31
 22046 | Lair:3   | Found a transporter.
 22210 | Lair:3   | Noticed sixsigma's ghost (journeyman GnWz)
 22223 | Lair:3   | Found a transporter.
 22668 | Lair:4   | Offered knowledge of Iskenderun's Battlesphere by Vehumet.
 22680 | Lair:4   | Learned a level 5 spell: Iskenderun's Battlesphere
 23151 | Lair:4   | Found a staircase to the Snake Pit.
 23979 | Lair:5   | Found a staircase to the Slime Pits.
 25196 | Lair:5   | Found the +10 Black Knight's horse barding {ponderous,
                  | rPois rN+}
 25549 | D:11     | Found the +10 tower shield of Ignorance {rN+ Int-4}
 26234 | D:13     | Noticed Snorg
 26238 | D:13     | Killed Snorg
 26238 | D:13     | Reached skill level 5 in Dodging
 26813 | D:13     | Noticed Kirke
 26817 | D:13     | Killed Kirke
 26817 | D:13     | Reached XP level 14. HP: 79/84 MP: 13/34
 27590 | D:13     | Reached skill level 5 in Shields
 28244 | Swamp:1  | Entered Level 1 of the Swamp
 29103 | Swamp:2  | Noticed Jorgrun
 29110 | Swamp:2  | Killed Jorgrun
 29306 | Swamp:1  | Found a runed translucent door.
 29313 | Swamp:1  | Noticed Ykec Esm's ghost (journeyman DrWn)
 29318 | Swamp:1  | Identified the +8 spear of Joviff {venom, +Fly rF- MR-
                  | Dex+8}
 29319 | Swamp:1  | Noticed a thorn hunter
 29418 | Swamp:1  | Noticed Roxanne
 30149 | Swamp:1  | Killed Roxanne
 30193 | Swamp:1  | You fall into a shaft and drop 1 floor!
 30194 | Swamp:2  | Noticed a thorn hunter
 31936 | Swamp:2  | Offered knowledge of Fireball by Vehumet.
 31958 | Swamp:2  | Noticed a thorn hunter
 31974 | Swamp:2  | Killed a thorn hunter
 32133 | Swamp:2  | Reached skill level 10 in Air Magic
 32401 | Swamp:2  | Killed a thorn hunter
 33105 | Swamp:3  | Found a frozen archway.
 33117 | IceCv    | Entered an ice cave
 33349 | IceCv    | Reached XP level 15. HP: 90/90 MP: 35/35
 34652 | D:9      | Learned a level 5 spell: Fireball
 35495 | Swamp:4  | Entered Level 4 of the Swamp
 35747 | Swamp:4  | Noticed a thorn hunter
 35754 | Swamp:4  | Killed a thorn hunter
 36032 | Swamp:4  | HP: 4/135 [swamp drake (7)]
 36037 | Swamp:4  | HP: 5/135 [six-headed hydra (5)]
 36037 | Swamp:4  | Slain by a six-headed hydra

Illustrated notes

Levels and vault maps discovered:
D:1:      scummos_arrival_hexagon, layout_basic
D:2:      layout_rooms, bloody_makhleb, fiery_altar_vehumet, first_ration,
          minmay_hexomino_u4
D:3:      layout_basic, overflow_temple_1_default, lemuel_doored_altar
D:4:      minmay_clustersquares, layout_gridville, old_standard_altar,
          bloody_trog
D:5:      layout_cave_pools, lemuel_zombie_altar_yredelemnul,
          nicolae_overflow_crystal_walls, nemelex_dance_club_becter,
          uniq_duvessa
D:6:      layout_cave_pools, nemelex_xobeh_ov_fountains_minmay,
          lemuel_coloured_pillars_altar, basic_altar, serial_shops,
          nicolae_shop_stone, minmay_liquid_box
D:7:      layout_loops_ring, elyvilon_altar_5, minmay_temple_entry_ruins,
          serial_park_tiny_pond, grunt_ogre_cave, uniq_harold
D:8:      minmay_cut_squares, layout_loops_ring, grunt_temple_overflow_diamond,
          lemuel_angel_altar, uniq_maggie
D:9:      minmay_the_grid_plus [minmay_the_grid_aliased_spiral,
          minmay_the_grid_box_x, minmay_the_grid_garden,
          minmay_the_grid_dragon_a, minmay_the_grid_prize_four_corners],
          layout_irregular_city, lair_entry_dummy
D:10:     layout_irregular_city, orc_david_3
D:11:     lemuel_ice_statue, layout_loops_ring, nrook_mini_backslash, uniq_erica
D:12:     layout_layer_cave, tgw_lugonu_bribe, uniq_urug
D:13:     layout_basic, uniq_kirke, uniq_snorg
Lair:1:   layout_loops_ring, nicolae_volcano_entry_batcave, uniq_sonja
Lair:2:   layout_roguey, nicolae_swamp_entry_splash_gauntlet,
          beast_lair_carwin_3, grunt_megastairs_4
Lair:3:   layout_gridlike, gammafunk_ghost_berserking_beasts, uniq_gastronok
Lair:4:   layout_loops_ring, guppyfry_snake_entry_garden, grunt_megastairs_3,
          infiniplex_staircase_pool
Lair:5:   layout_gridlike, minmay_slime_entry_pillars, minmay_lair_oklob_chamber
Swamp:1:  layout_basic_swamp, ebering_ghost_funeral_grove,
          evilmike_swamp_ruin_house_5, swamp_pool5, infiniplex_staircase_pool_2,
          uniq_roxanne
Swamp:2:  layout_basic_swamp, evilmike_swamp_ruin_house_1, uniq_jorgrun
Swamp:3:  layout_falls_marsh, portal_ice_cave_entry_pillars_three,
          evilmike_swamp_ruin_house_2
Swamp:4:  swamp_basic_johnstein, layout_basic_swamp, swamp_pool1

Skill      XL: |  1  2  3  4  5  6  7  8  9 10 11 12 13 14 15 |
---------------+----------------------------------------------+-----
Stealth        | 3 4 5 6 7 8 9 |  9.0
Dodging        | 3 4 5 8 |  8.0
Spellcasting   | 4 5 6 9 10 11 12 14 | 14.0
Conjurations   | 5 6 9 10 11 12 13 14 | 14.4
Hexes          | 1 2 3 5 6 |  6.0
Translocations | 1 2 3 4 |  4.0
Fighting       | 1 2 3 5 6 7 8 9 |  9.0
Shields        | 1 3 4 8 9 |  9.7
Fire Magic     | 4 7 8 |  8.0
Charms         | 6 7 9 |  9.0
Air Magic      | 6 8 10 11 | 11.1

Action                   |  1- 3 |  4- 6 |  7- 9 | 10-12 | 13-15 || total
-------------------------+-------+-------+-------+-------+-------++-------
Melee: Short sword       |       |     1 |       |       |       ||     1
       Spear             |       |       |       |     5 |    11 ||    16
 Cast: Magic Dart        |    60 |    95 |    76 |   147 |   110 ||   488
       Searing Ray       |     7 |    20 |    58 |    79 |    37 ||   201
       Fulminant Prism   |       |       |    25 |   117 |    59 ||   201
       Airstrike         |       |       |       |   105 |   293 ||   398
       Iskenderun's Myst |       |       |       |     4 |    15 ||    19
       Iskenderun's Batt |       |       |       |       |   121 ||   121
       Fireball          |       |       |       |       |     2 ||     2
 Abil: Evoke Flight      |       |       |       |       |     1 ||     1
Evoke: Wand              |       |       |       |     4 |       ||     4
       Phial of floods   |       |       |       |     1 |       ||     1
       Lightning rod     |       |       |       |       |     1 ||     1
  Use: Scroll            |       |       |       |    12 |    17 ||    29
       Potion            |       |       |       |     2 |    11 ||    13
  Eat: Chunk             |     1 |     9 |     9 |    28 |    24 ||    71
       Ration            |       |       |     2 |     2 |     7 ||    11
Armor: Robe              |     2 |       |       |    17 |    17 ||    36
       Leather armour    |       |     3 |     3 |       |       ||     6
       Skin              |       |       |       |       |    58 ||    58
Dodge: Dodged            |    31 |    10 |    20 |    56 |    46 ||   163
Block: Buckler           |       |       |       |     4 |     3 ||     7
       Tower shield      |       |       |       |       |   160 ||   160
